 Dungeon Sprint DCSS version 0.29.1-15-g9cfb28693d (webtiles) character file.

Game seed: 11926352990113821789

2108 person50605 the Nimble (level 9, -12/75 HPs)
             Began as a Demonspawn Gladiator on Mar 1, 2023.
             Was a Believer of Wu Jian.
             Shot with an arrow by a deep elf archer (30 damage)
             ... in the Dungeon (Sprint V: "Ziggurat Sprint").
             The game lasted 00:20:35 (300 turns).

person50605 the Nimble (Demonspawn Gladiator)        Turns: 300, Time: 00:20:35

Health: -12/75     AC:  9    Str: 18    XL:     9   Next: 7%
Magic:  9/9        EV: 22    Int: 10    God:    Wu Jian [**....]
Gold:   0          SH:  0    Dex: 24    Spells: 8/8 levels left

rFire   + . .      SeeInvis .   H - +7 Screaming Sword {vorpal, sonic wave}
rCold   . . .      Faith    .   (no shield)
rNeg    . . .      Spirit   .   K - +3 leather armour {rF+}
rPois   .          Reflect  .   c - +0 helmet
rElec   .          Harm     .   (no cloak)
rCorr   .          Rampage  .   L - +0 pair of gloves {Dex+3}
Will    .....      NoTele   +   (no boots)
Stlth   +++.......              (no amulet)
HPRegen 0.22/turn               w - ring of flight
MPRegen 0.22/turn               x - +6 ring of dexterity

@: engulfed (cannot breathe), flying
A: foul stench 3, magic regeneration, weakness stinger 1
a: Renounce Religion, Wall Jump


You were in the Dungeon.
You worshipped Wu Jian.
Wu Jian was pleased with you.
You visited 1 branch

Inventory:

Hand Weapons
 a - a +0 war axe
 E - a +5 triple crossbow
 F - a +5 quick blade
 G - the +14 obsidian axe {vorpal, Mesm Drain Fly SInv}
   (You found it in the Dungeon)

   It inflicts extra damage upon your enemies.
   It occasionally summons demons to assist the wielder when it strikes in
   combat.
   Its wielder is mesmerised by any visible foes.
   It cannot be unequipped while any foes are visible.
   SInv:      It lets you see invisible.
   Fly:       It grants you flight.
   Drain:     It drains your maximum health when unequipped.
 H - the +7 Screaming Sword (weapon) {vorpal, sonic wave}
   (You found it in the Dungeon)

   It inflicts extra damage upon your enemies.
   It radiates damaging sonic waves as it strikes, especially in combat
   involving dangerous or numerous foes.
 I - the +9 sword of Zonguldrok {reap}
   (You found it in the Dungeon)

   Any living foe damaged by it may be reanimated upon death as a zombie
   friendly to the wielder, with an increasing chance as more damage is dealt.
Missiles
 d - 3 throwing nets (quivered)
 e - a javelin
Armour
 b - a +0 leather armour
 c - a +0 helmet (worn)
 K - a +3 leather armour of fire resistance (worn)
 L - a +0 pair of gloves of dexterity (worn)
 M - a +2 chain mail of cold resistance
Magical Staves
 J - a staff of conjuration
Jewellery
 w - a ring of flight (left hand)
 x - a +6 ring of dexterity (right hand)
 y - a +6 ring of dexterity
 z - a +6 ring of intelligence
 A - a +6 ring of intelligence
 B - a +6 ring of strength
 C - a +6 ring of strength
Wands
 u - a wand of mindburst (7)
 v - a wand of acid (7)
Scrolls
 k - 4 scrolls of blinking
 q - 4 scrolls of amnesia
 r - 7 scrolls of fog
 s - 5 scrolls of identify
 t - 2 scrolls of fear
Potions
 f - 10 potions of curing
 g - 7 potions of heal wounds
 h - 6 potions of haste
 i - 7 potions of magic
 j - 3 potions of berserk rage
 l - 2 potions of brilliance
 m - 2 potions of invisibility
 n - 4 potions of resistance
 p - 5 potions of might
Miscellaneous
 D - a lightning rod (4/4)


   Skills:
 + Level 8.4 Fighting
 * Level 9.3 Long Blades
 - Level 4.3 Axes
 - Level 5.2 Throwing
 + Level 4.4 Armour
 + Level 11.8 Dodging
 + Level 3.6 Stealth


You had 8 spell levels left.
You didn't know any spells.
Your spell library was empty.

Dungeon Overview and Level Annotations

Branches:
Dungeon (1/1)

Altars:
Ashenzari
Cheibriados
Dithmenos
Fedhas
Gozag
Hepliaklqana
Kikubaaqudgha
Makhleb
Nemelex Xobeh
Okawaru
Qazlal
Ru
Sif Muna
Trog
Uskayaw
Vehumet
Wu Jian
Xom
Yredelemnul
Jiyva
Lugonu

Annotations:
D 1 transporter


Innate Abilities, Weirdness & Mutations

You frequently emit foul miasma when damaged in melee.
You regenerate magic rapidly.
You have a small tail.


Message History

Your lungs strain for air!
The deep elf archer mumbles some strange words.
The deep elf archer blinks!
The deep elf zephyrmancer hits you but does no damage.
The water elemental misses you.
You cut the deep elf zephyrmancer into ribbons!!!
The Screaming Sword clamours, "FOUNTAINS OF BLOOD IN HONOUR OF THE FAIR BLADE!"
You send a blast of sound all around you.
The water elemental is moderately damaged.
The deep elf archer is heavily wounded.
The deep elf pyromancer is almost dead.
You kill the deep elf zephyrmancer!
The Council accepts your kill.
You can now perform airborne attacks.
Your lungs strain for air!
The water elemental barely misses you.
Your Fighting skill increases to level 8!
Your Long Blades skill increases to level 8!
Your Armour skill increases to level 4!
Your Dodging skill increases to level 11!
You slash the deep elf pyromancer!
You kill the deep elf pyromancer!
The Council accepts your kill.
Your lungs strain for air!
The deep elf archer unwields a +0 dagger.
The deep elf archer wields a +0 shortbow.
The deep elf archer shoots an arrow.
The arrow hits you!
* * * LOW HITPOINT WARNING * * *
The water elemental closely misses you.
Your Long Blades skill increases to level 9!
You have reached level 9!
Your experience leads to an increase in your attributes!
Your base attributes are Str 16, Int 10, Dex 15.
Increase (S)trength, (I)ntelligence, or (D)exterity?
You feel stronger. x2
You feel much better.
Your lungs strain for air!
The water elemental hits you!
* * * LOW HITPOINT WARNING * * *
The deep elf archer shoots an arrow.
The arrow hits you!!
You die...

▓▓▓▓▓▓▓▓▓▓▓▓▓▓▓▓▓▓▓
▓.8©8.▓.8©8.▓.8©8.▓
▓.:e).▓.....▓.....▓
▓..=..▓.....▓...).▓
▓.....▓.....▓.....▓
▓.E)).▓.....▓.....▓
▓..@..▓.†...▓..©..▓
▓..©..▓..©..▓▓▓▓▓▓▓
▓▓▓▓▓▓▓▓▓▓▓▓▓


You could see a deep elf archer (repels missiles) and a water elemental.

Vanquished Creatures
  A deep elf zephyrmancer (D)
  A deep elf pyromancer (D)
  2 rime drakes (D)
  A swamp drake (D)
  A jelly (D)
  An endoplasm (D)
7 creatures vanquished.

Notes
Turn   | Place    | Note
-------+----------+-------------------------------------------
     0 | D        | person50605 the Demonspawn Gladiator began the quest for
                  | the Orb.
     0 | D        | Reached XP level 1. HP: 16/16 MP: 1/1
     0 | D        | Found a shimmering blue altar of Sif Muna.
     0 | D        | Found a bloodstained altar of Trog.
     0 | D        | Found a sacrificial altar of Ru.
     0 | D        | Found a stormy altar of Qazlal.
     0 | D        | Found an iron altar of Okawaru.
     1 | D        | Found a sparkling altar of Nemelex Xobeh.
     1 | D        | Found a blossoming altar of Fedhas.
     1 | D        | Found the +6 Majin-Bo {vamp, MP+6 Int+6}
     1 | D        | Found the +9 heavy crossbow "Sniper" {vorpal, Acc+∞ SInv}
     1 | D        | Found the +10 dark maul {vorpal}
     1 | D        | Found the +15 Maxwell's patent armour {-Cast -Tele rElec
                  | Will+ rCorr}
     1 | D        | Found the +18 shield of the Gong {rElec rN+ Will+ EV-5}
     1 | D        | Found the +14 obsidian axe {vorpal, Mesm Drain Fly SInv}
     1 | D        | Found the +7 great mace "Firestarter" {inner flame, rF++}
     1 | D        | Found the +6 shillelagh "Devastator" {shatter}
     1 | D        | Found the +11 plutonium sword {Contam Stlth-}
     1 | D        | Found the +8 lance "Wyrmbane" {slay drac, rPois rF+ rC+
                  | AC+3}
     1 | D        | Found the +9 sword of Zonguldrok {reap}
     1 | D        | Found the +13 scythe of Curses {drain, Drain}
     1 | D        | Found the +5 sword of Power {vorpal}
     1 | D        | Found the +7 mace of Variability {chain chaos}
     1 | D        | Found the +7 Singing Sword {vorpal, sonic wave}
     1 | D        | Found the +8 storm bow {elec, penet}
     3 | D        | Found a transporter.
     3 | D        | Found an ancient bone altar of Kikubaaqudgha.
     3 | D        | Found a viscous altar of Jiyva.
     3 | D        | Found a corrupted altar of Lugonu.
     3 | D        | Found a hazy altar of Hepliaklqana.
     3 | D        | Found a burning altar of Makhleb.
     3 | D        | Found an opulent altar of Gozag.
   162 | D        | Became a worshipper of the Wu Jian Council
   179 | D        | Entered arena 2.
   179 | D        | Noticed a jelly
   179 | D        | Found a transporter.
   181 | D        | Killed a jelly
   182 | D        | Reached skill level 4 in Dodging
   182 | D        | Gained mutation: You may rarely emit foul miasma when
                  | damaged in melee. [demonic ancestry]
   182 | D        | Reached XP level 2. HP: 23/23 MP: 2/2
   182 | D        | Gained mutation: You sometimes emit foul miasma when
                  | damaged in melee. [demonic ancestry]
   182 | D        | Reached XP level 3. HP: 28/28 MP: 3/3
   191 | D        | Entered arena 3.
   191 | D        | Noticed a swamp drake
   191 | D        | Noticed a rime drake
   191 | D        | Noticed a rime drake
   191 | D        | Found a transporter.
   195 | D        | Killed a rime drake
   195 | D        | Reached * piety under Wu Jian
   196 | D        | Reached skill level 5 in Fighting
   196 | D        | Reached skill level 5 in Long Blades
   196 | D        | Reached skill level 7 in Dodging
   196 | D        | Reached skill level 1 in Stealth
   196 | D        | Reached XP level 4. HP: 31/39 MP: 4/4
   196 | D        | Reached XP level 5. HP: 35/44 MP: 5/5
   196 | D        | Gained mutation: You have a small tail. [demonic ancestry]
   196 | D        | Reached XP level 6. HP: 40/51 MP: 6/6
   196 | D        | Killed a rime drake
   197 | D        | Reached skill level 5 in Throwing
   197 | D        | Reached skill level 9 in Dodging
   197 | D        | Gained mutation: You regenerate magic rapidly. [demonic
                  | ancestry]
   197 | D        | Reached XP level 7. HP: 45/59 MP: 7/7
   229 | D        | Reached skill level 10 in Dodging
   229 | D        | Gained mutation: You frequently emit foul miasma when
                  | damaged in melee. [demonic ancestry]
   229 | D        | Reached XP level 8. HP: 53/67 MP: 8/8
   293 | D        | Entered arena 4.
   293 | D        | Noticed a deep elf zephyrmancer
   293 | D        | Noticed a deep elf archer
   293 | D        | Noticed a deep elf pyromancer
   293 | D        | Found a transporter.
   298 | D        | Killed a deep elf zephyrmancer
   298 | D        | Reached ** piety under Wu Jian
   299 | D        | Reached skill level 11 in Dodging
   299 | D        | Killed a deep elf pyromancer
   300 | D        | Reached XP level 9. HP: 16/75 MP: 9/9
   300 | D        | Shot with an arrow by a deep elf archer

Illustrated notes

Levels and vault maps discovered:
D:        sprint_v [room_start, room_1, room_2, room_3, room_4, room_5, room_6,
          room_7, room_8, room_9, room_10, room_11, room_12, room_13, room_14,
          room_15, room_16, room_17, room_18, room_19, room_20, room_21,
          room_22, room_23, room_24, room_25, room_26, room_27]

Skill      XL: |  1  2  3  4  5  6  7  8 |
---------------+-------------------------+-----
Axes           | 4 |  4.3
Throwing       | 2 4 5 |  5.2
Dodging        | 4 7 9 10 11 | 11.8
Fighting       | 5 6 7 8 |  8.4
Long Blades    | 5 6 7 9 |  9.3
Armour         | 2 3 4 |  4.4
Stealth        | 1 3 |  3.6

Action                   |  1- 3 |  4- 6 |  7- 9 || total
-------------------------+-------+-------+-------++-------
Melee: Double sword      |     2 |     1 |     6 ||     9
Invok: Lunge             |     1 |       |       ||     1
  Use: Potion            |     1 |       |     3 ||     4
Armor: Leather armour    |       |       |     1 ||     1
Dodge: Dodged            |     1 |       |     4 ||     5
